 Dungeon Crawl Stone Soup version 0.32-a0-616-g9348d4545b (webtiles) character file.

Game seed: 11601099396036311757

70 Iich the Trooper (level 4, 0/35 HPs)
             Began as a Demonspawn Fighter on Mar 5, 2024.
             Succumbed to an adder's poison
             ... on level 2 of the Dungeon.
             The game lasted 00:02:13 (1120 turns).

Iich the Trooper (Demonspawn Fighter)               Turns: 1120, Time: 00:02:13

Health: 0/35       AC: 10    Str: 18    XL:     4   Next: 4%
Magic:  4/4        EV:  7    Int:  9    God:
Gold:   94         SH:  4    Dex: 12    Spells: 3/3 levels left

rFire   . . .        a - +0 war axe
rCold   . . .        c - +0 buckler
rNeg    . . .        l - +0 chain mail
rPois   .            e - +0 helmet
rElec   .            (no cloak)
rCorr   .            (no gloves)
SInv    .            (no boots)
Will    .....        (no amulet) Stlth
                     (no ring)
HPRegen 0.25/turn    (no ring)
MPRegen 0.09/turn

%: no passive effects
@: lethally poisoned (0 -> -1), invisible
A: claws 1
a: no special abilities


You were on level 2 of the Dungeon.
You visited 1 branch of the dungeon, and saw 2 of its levels.

You collected 94 gold pieces.

Inventory:

Hand Weapons
 a - a +0 war axe (weapon)
Armour
 c - a +0 buckler (worn)
 e - a +0 helmet (worn)
 l - a +0 chain mail (worn)
Scrolls
 h - a scroll of amnesia {unknown}
 i - a scroll of teleportation {unknown}
 j - a scroll of identify {unknown}
 m - a scroll of enchant armour {unknown}
Potions
 d - a potion of might
 f - a potion of degeneration {unknown}
 g - a potion of berserk rage {unknown}
 k - a potion of haste {unknown}


   Skills:
 + Level 3.5 Fighting
 * Level 3.1 Axes
 - Level 2.6 Armour
 + Level 1.4 Dodging
 - Level 2.6 Shields


You had 3 spell levels left.
You didn't know any spells.
Your spell library contained the following spells:

 Spells                   Type           Power      Damage    Failure   Level
 Inner Flame              Hex/Fire       0%         N/A       100%        3
 Flame Wave               Conj/Fire      0%         2d4       100%        4
 Sticky Flame             Fire/Alch      0%         2d4       100%        4


Dungeon Overview and Level Annotations

Branches:
Dungeon (2/15)

Altars:


Innate Abilities, Weirdness & Mutations

You have sharp fingernails.


Message History

You take 2 damage, and have 10/29 hp.
Unknown command.
You barely miss the adder.
The adder is heavily wounded.
You feel sick.
You are no longer poisoned.
The adder completely misses you. The adder bites you but does no damage.
You take 1 damage, and have 9/29 hp.
Unknown command.
You miss the adder.
The adder is heavily wounded.
The adder bites you.
* * * LOW HITPOINT WARNING * * *
You are poisoned.
The adder poisons you! The adder bites you but does no damage.
You take 1 damage, and have 8/29 hp.
You hit the adder but do no damage.
The adder is heavily wounded.
* * * LOW HITPOINT WARNING * * *
You feel very sick. The adder bites you.
* * * LOW HITPOINT WARNING * * *
The adder barely misses you.
You hit the adder.
The adder is almost dead.
* * * LOW HITPOINT WARNING * * *
You feel sick. You block the adder's attack.
You take 6 damage, and have 2/29 hp. !!!!--MASSIVE DAMAGE--!!!!
Unknown command.
You slash the adder!
You kill the adder!
* * * LOW HITPOINT WARNING * * *
You feel sick.
You have reached level 4!
You feel clever.
You take 1 damage, and have 1/35 hp.
MP restored: 4 It was a potion of invisibility.
You fade into invisibility!
You die...

#......)..)#########.##
###.....### #.# #.)...#
#.# #.....# #.#
.#####.....# ##.##
...........# #...#
#####...### #..##
##.######## #.##
#.@†...... #.#
#########. #.# ######.#
#.# .......# #.# ..####
#.# #.### #.# #...# #.#
#.#.# #.# ..#.# ###.###


There were no monsters in sight!

Vanquished Creatures
  3 adders (D:2)
  A dart slug (D:1)
  3 endoplasms
  2 giant cockroaches (D:2)
  6 goblins
  3 hobgoblins
  6 kobolds
  2 quokkas
  3 ball pythons
  2 bats (D:2)
  2 frilled lizards (D:1)
  6 rats
39 creatures vanquished.

Notes
Turn   | Place    | Note
-------+----------+-------------------------------------------
     0 | D:1      | Iich the Demonspawn Fighter began the quest for the Orb.
     0 | D:1      | Reached XP level 1. HP: 18/18 MP: 1/1
   152 | D:1      | Gained mutation: You have sharp fingernails. [demonic
                  | ancestry]
   152 | D:1      | Reached XP level 2. HP: 24/24 MP: 2/2
   622 | D:2      | Reached skill level 1 in Dodging
   685 | D:2      | Reached XP level 3. HP: 21/29 MP: 3/3
  1119 | D:2      | HP: 1/29 [poisoned by an adder]
  1120 | D:2      | Reached XP level 4. HP: 1/35 MP: 4/4
  1120 | D:2      | Succumbed to an adder's poison

Illustrated notes

Levels and vault maps discovered:
D:1:      dpeg_arrival_ratfight, layout_basic, solitary_fountain
D:2:      layout_loops_ring, ebering_dispersal_statue_hall, grunt_ministairs_9

Skill      XL: |  1  2  3 |
---------------+----------+-----
Axes           | 2 3 |  3.1
Dodging        | 1 |  1.4
Fighting       | |  3.5
Armour         | |  2.6
Shields        | |  2.6

Action                     |  1- 3 |  4- 6 || total
---------------------------+-------+-------++-------
  Melee: War axe           |   128 |       ||   128
    Use: Potion            |       |     1 ||     1
 Armour: Scale mail        |    41 |       ||    41
         Chain mail        |    77 |       ||    77
  Dodge: Dodged            |    48 |       ||    48
  Block: Buckler           |    33 |       ||    33

Table legend: (Time is in decaauts)
 A = Elapsed time spent in this place.
 B = Non-inter-level travel time spent in this place.
 C = Inter-level travel time spent in this place.
 D = Time resting spent in this place.
 E = Time spent auto-exploring this place.
 F = Levels seen in this place.
 G = Mean time per level.
                   A        B        C        D        E       F      G
               +--------+--------+--------+--------+--------+-----+--------+
         Total |   1170 |   1150 |     20 |      0 |    836 |   2 |  585.0 |
       Dungeon |   1170 |   1150 |     20 |      0 |    836 |   2 |  585.0 |
               +--------+--------+--------+--------+--------+-----+--------+

Top non-repeatable levels by time:
     D:1: 599 daAuts
     D:2: 571 daAuts
